 Dungeon Crawl Stone Soup version 0.15-a0-187-g0bb430c (webtiles) character file.

23568 Jon2 the Severer (level 12, -13/169 HPs)
             Began as a Lava Orc Berserker on Apr 20, 2014.
             Was the Champion of Trog.
             Mangled by a cyclops (23 damage)
             ... on Level 13 of the Dungeon on Apr 21, 2014.
             The game lasted 01:20:48 (14704 turns).

Jon2 the Severer (Lava Orc Berserker)              Turns: 14704, Time: 01:20:49

HP -13/169       AC 15     Str 27      XL: 12   Next: 67%
MP  12/12        EV  7     Int  8      God: Trog [******]
Gold 644         SH  0     Dex 10      Spells:  0 memorised, 11 levels left

rFire  + + +     SeeInvis +     V - +2,+10 executioner's axe of the Four Wonders {drain, rPois rF+ SInv}
rCold  x . .     Clarity  .     r - +0 plate armour
rNeg   . . .     Conserve .     (no shield)
rPois  +         rCorr    .     (no helmet)
rElec  .         rRot     .     (no cloak)
SustAb . .       Spirit   .     (no gloves)
rMut   .         Warding  .     (no boots)
Saprov + . .     Stasis   .     k - amulet of faith
MR     .....                    (no ring)
                                N - ring of see invisible

@: berserking, very quick, not resistant to hostile enchantments, extremely
unstealthy
A: blurry vision 1, breathe flames 1, conserve scrolls, regeneration 1,
saprovore 1, slow metabolism 1, spit poison 2, weak 1
a: Spit Poison, Burn Spellbooks, Berserk, Trog's Hand, Brothers in Arms,
Renounce Religion, Breathe Fire


You were on level 13 of the Dungeon.
You worshipped Trog.
Trog was exalted by your worship.
You were not hungry.

You visited 1 branch of the dungeon, and saw 13 of its levels.
You also visited: Bailey.

You collected 644 gold pieces.

Inventory:

Hand weapons
 c - a +2,+2 broad axe of flaming
 m - a +0,+2 anti-magic hand axe
 y - a +2,+0 battleaxe of electrocution
 B - a +3,+4 hand axe of chopping
 C - a +0,+0 war axe of chopping
 E - a -2,-2 war axe
 G - a +0,+3 executioner's axe of chopping
 I - a +0,+4 sling of frost
 K - a +2,+2 anti-magic broad axe
 U - a +0,+1 battleaxe of draining
 V - the +2,+10 executioner's axe of the Four Wonders (weapon) {drain, rPois rF+ SInv}
   (Trog gifted it to you on level 12 of the Dungeon)

   A truly terrible weapon, it drains the life of those it strikes.
   It protects you from fire.
   It protects you from poison.
   It enhances your eyesight.
Armour
 r - a +0 plate armour (worn)
Magical devices
 b - a wand of magic darts (12)
 f - a wand of slowing (2)
 g - a wand of polymorph (7)
 i - a wand of disintegration (5)
 o - a wand of confusion (11)
 s - a wand of random effects (5)
 u - a wand of cold (0)
 z - a wand of magic darts (11)
Comestibles
 n - 8 honeycombs
 x - 19 cheeses
 D - a royal jelly
 P - a bread ration
 S - a meat ration
Scrolls
 a - a scroll of enchant armour
 d - 11 scrolls of remove curse
 e - 5 scrolls of fog
 j - 3 scrolls of identify
 l - 4 scrolls of recharging
 t - 5 scrolls of teleportation
 w - 2 scrolls of fear
 O - a scroll of random uselessness
Jewellery
 k - an amulet of faith (around neck)
 q - an uncursed ring of ice
 v - an uncursed ring of ice
 N - a ring of see invisible (left hand)
Potions
 H - 2 potions of haste
 J - 3 potions of curing
 L - a potion of agility
 M - 2 potions of magic
Books
 h - a book of the Dragon

   Spells                             Type                      Level
   Flight                             Charms/Air                   3
   Cause Fear                         Hexes                        4
   Bolt of Fire                       Conjuration/Fire             6
   Dragon Form                        Transmutation                7
   Dragon's Call                      Summoning                    9
   Trog disapproves of the use of such an item.
 p - a book of Cantrips

   Spells                             Type                      Level
   Confusing Touch                    Hexes                        1
   Animate Skeleton                   Necromancy                   1
   Summon Small Mammal                Summoning                    1
   Apportation                        Translocation                1
   Trog disapproves of the use of such an item.
 F - a Young Poisoner's Handbook

   Spells                             Type                      Level
   Sting                              Conjuration/Poison           1
   Cure Poison                        Poison                       2
   Mephitic Cloud                     Conjuration/Poison/Air       3
   Olgreb's Toxic Radiance            Poison                       4
   Venom Bolt                         Conjuration/Poison           5
   Trog disapproves of the use of such an item.
 T - a book of Cantrips

   Spells                             Type                      Level
   Confusing Touch                    Hexes                        1
   Animate Skeleton                   Necromancy                   1
   Summon Small Mammal                Summoning                    1
   Apportation                        Translocation                1
   Trog disapproves of the use of such an item.
Miscellaneous
 A - a legendary deck of wonders {Focus}


   Skills:
 + Level 12.8 Fighting
 * Level 17.2 Axes
 + Level 11.9 Armour
 - Level 1.5 Dodging


You had 11 spell levels left.
You didn't know any spells.

Dungeon Overview and Level Annotations

Branches:
Dungeon (13/15)            Temple (0/1) D:7             Orc (0/4) D:12
   Lair (0/8) D:11
 Vaults: D:13-14

Altars:
Cheibriados
Dithmenos
Elyvilon
Kikubaaqudgha
Makhleb
Xom

Shops:
D:12 (


Innate Abilities, Weirdness & Mutations

You have stony skin.
Your flesh is almost immune to the effects of heat.
Your fire spells are more powerful.
Your flesh is vulnerable to cold.
Your heat harms attackers.
You bathe your surroundings in blazing heat.
You are too hot to use scrolls.
You are very good at protecting items from fire.
You can tolerate rotten meat.
Your vision is a little blurry.
You can breathe flames.
Your natural rate of healing is unusually fast.
You have a slow metabolism.
You can spit moderately strong poison.
You are weak. (Str -2)


Message History

* * * LOW HITPOINT WARNING * * *
Drink which item? (? for menu, Esc to quit)
Okay, then.
Use which ability? (? or * to list)
A red film seems to cover your vision as you go berserk!
You feel yourself moving faster!
You feel mighty!
You burn with rage!
You feel somewhat more hungry.
Your stony skin melts.
You're getting fired up.
You feel a strong urge to attack something.
The cyclops hits you!
* * * LOW HITPOINT WARNING * * *
The cyclops is singed by your heat.
The cyclops is lightly wounded.
Found 17 arrows.
You barely miss the cyclops.
The cyclops is lightly wounded.
The cyclops is burned by your radiant heat.
The cyclops is moderately wounded.
The cyclops hits you!
You die...

### #..# . ... #..
..###.. .... g.....(
....#######.....
#..#.)#[.#C.##
......#.(@...# #..
#..###(.#..# ...##
####.......# ##
...#..#..#.......#.$#
......#.....###.....#
#....###..)..#.....##
#.........#..#..#.......
#.##......#######......
#.........#..# .....#


You could see a cyclops and a boggart.

Vanquished Creatures
  A hydra (D:13)
  An unseen horror (D:9)
  Joseph (D:7)
  An orc knight (Bailey)
  A cyclops (D:12)
  4 hill giants
  A manticore (D:11)
  A kobold demonologist (D:13)
  An item mimic (D:11)
  A feature mimic (D:11)
  3 gargoyles
  A queen bee (D:10)
  A troll (D:12)
  A deep elf mage (D:12)
  2 two-headed ogres (D:8)
  12 yaks
  A wyvern (D:11)
  Eustachio (D:7)
  A deep elf fighter (D:9)
  10 ugly things
  Grum (D:9)
  A hungry ghost (D:9)
  A steam dragon (D:12)
  3 wargs (D:11)
  2 hippogriffs
  2 wolves (D:9)
  A water moccasin (D:11)
  3 necrophages
  5 ice beasts
  27 orc warriors
  7 sky beasts
  A black bear (D:8)
  A manticore zombie (D:13)
  4 centaurs
  2 ogres
  2 phantoms
  Duvessa (D:6)
  3 big kobolds
  12 giant frogs
  A cyclops skeleton (D:11)
  A gnoll sergeant (D:11)
  3 scorpions
  3 eyes of draining
  42 killer bees
  A yak skeleton (D:10)
  A jelly (D:10)
  6 crimson imps
  6 goliath beetles
  Dowan (D:6)
  An elf zombie (D:6)
  A big fish (D:11)
  9 hounds
  9 orc priests
  A centaur skeleton (D:7)
  A giant frog skeleton (D:5)
  4 iguanas
  An orange rat (D:7)
  11 orc wizards
  11 worker ants
  A sky beast zombie (D:10)
  Ijyb (D:6)
  A mottled dragon skeleton (D:9)
  A worker ant zombie (D:13)
  11 gnolls
  14 adders
  4 green rats (D:7)
  9 worms
  3 orc zombies
  3 giant mites
  6 shadow imps
  An adder zombie (D:8)
  2 giant eyeballs
  6 giant geckos
  2 oozes
  57 orcs
  14 bats
  6 giant cockroaches
  16 hobgoblins
  4 jackals (D:2)
  24 kobolds
  A ball python (D:6)
  A giant gecko skeleton (D:4)
  8 giant newts
  15 goblins
  5 quokkas
  26 rats
  A ballistomycete (D:12)
482 creatures vanquished.

Vanquished Creatures (others)
  A deep elf mage (D:9)
  An orc wizard (D:10)
  An orc (Bailey)
  A quokka (D:2)
  A giant spore (D:12)
  A butterfly (D:12)
6 creatures vanquished.

Grand Total: 488 creatures vanquished

Notes
Turn   | Place    | Note
--------------------------------------------------------------
     0 | D:1      | Jon2, the Lava Orc Berserker, began the quest for the Orb.
     0 | D:1      | Reached XP level 1. HP: 19/19 MP: 1/1
   664 | D:1      | Reached XP level 2. HP: 24/27 MP: 2/2
   794 | D:1      | Reached skill level 4 in Axes
   977 | D:2      | Reached XP level 3. HP: 14/33 MP: 3/3
  1711 | D:2      | Found a white marble altar of Elyvilon.
  1851 | D:2      | Acquired Trog's second power
  2217 | D:2      | Reached XP level 4. HP: 38/41 MP: 4/4
  2580 | D:3      | Reached skill level 5 in Axes
  2635 | D:3      | Found a burning altar of Makhleb.
  3047 | D:3      | Reached XP level 5. HP: 38/47 MP: 5/5
  3214 | D:3      | Reached skill level 5 in Fighting
  3508 | D:4      | Reached skill level 6 in Axes
  3584 | D:4      | Reached XP level 6. HP: 46/56 MP: 6/6
  4133 | D:5      | Entered Level 5 of the Dungeon
  4243 | D:5      | Reached skill level 7 in Axes
  4276 | D:5      | Reached XP level 7. HP: 46/62 MP: 7/7
  4361 | D:5      | Found a shadowy altar of Dithmenos.
  4434 | D:5      | Acquired Trog's third power
  4646 | D:5      | Reached skill level 8 in Axes
  4977 | D:5      | Reached skill level 5 in Armour
  5325 | D:6      | Reached XP level 8. HP: 37/71 MP: 8/8
  5327 | D:6      | Reached skill level 9 in Axes
  5587 | D:6      | Noticed Ijyb
  5621 | D:6      | Killed Ijyb
  6034 | D:6      | Reached skill level 10 in Axes
  6116 | D:6      | Noticed Dowan
  6119 | D:6      | Noticed Duvessa
  6131 | D:6      | Killed Dowan
  6135 | D:6      | Killed Duvessa
  6227 | D:6      | Found a snail-covered altar of Cheibriados.
  6382 | D:7      | Reached XP level 9. HP: 29/81 MP: 9/9
  6969 | D:7      | Noticed Joseph
  6980 | D:7      | Killed Joseph
  6980 | D:7      | Reached skill level 11 in Axes
  7029 | D:7      | Got a bronze leather armour
  7030 | D:7      | Identified the +2 leather armour "Pnapaw" {Str-4 Int+3 Curse} (You found it on level 7 of the Dungeon)
  7061 | D:7      | Found a staircase to the Ecumenical Temple.
  7713 | D:7      | Noticed Eustachio
  7713 | D:7      | Paralysed by a giant eyeball for 4 turns
  7721 | D:7      | Paralysed by a giant eyeball for 2 turns
  7726 | D:7      | Paralysed by a giant eyeball for 2 turns
  7732 | D:7      | Killed Eustachio
  7734 | D:7      | Paralysed by a giant eyeball for 4 turns
  7739 | D:7      | Received a gift from Trog
  8046 | D:8      | Got a brightly glowing ring mail
  8047 | D:8      | Identified the +4 ring mail of Quantum Leap {rPois Acc-5 Curse} (You found it on level 8 of the Dungeon)
  8213 | D:8      | Reached skill level 12 in Axes
  8233 | D:8      | Received a gift from Trog
  8314 | D:8      | Reached XP level 10. HP: 16/91 MP: 10/10
  8853 | D:8      | Upgraded the game from 0.15-a0-183-gc0cdb55 to 0.15-a0-187-g0bb430c
  8902 | D:8      | Found a shimmering altar of Xom.
  9148 | D:9      | Identified a scroll of acquirement
  9258 | D:9      | Paralysed by a potion of paralysis for 2 turns
  9265 | D:9      | Reached skill level 13 in Axes
  9270 | D:9      | Noticed a hill giant
  9275 | D:9      | Killed a hill giant
  9326 | D:9      | Killed an unseen horror
  9326 | D:9      | Received a gift from Trog
  9326 | D:9      | Reached skill level 10 in Fighting
  9368 | D:9      | Gained mutation: You can spit poison. [mutagenic meat]
  9369 | D:9      | Gained mutation: Your natural rate of healing is unusually fast. [mutagenic meat]
  9580 | D:9      | Noticed Grum
  9588 | D:9      | Killed Grum
  9843 | D:9      | Reached skill level 14 in Axes
 10144 | D:10     | Entered Level 10 of the Dungeon
 10276 | D:10     | Reached XP level 11. HP: 101/101 MP: 11/11
 10301 | D:10     | Noticed a hill giant
 10307 | D:10     | Killed a hill giant
 10445 | D:10     | Reached skill level 10 in Armour
 10470 | D:10     | Received a gift from Trog
 10745 | D:10     | Reached skill level 15 in Axes
 11073 | D:10     | Received a gift from Trog
 11222 | D:10     | Noticed a hill giant
 11230 | D:10     | Killed a hill giant
 11402 | D:11     | Found an ancient bone altar of Kikubaaqudgha.
 11452 | D:11     | Found a staircase to the Lair.
 11535 | D:11     | Found a staircase to the Orcish Mines.
 11565 | D:11     | Received a gift from Trog
 11754 | D:11     | Found a flagged portal.
 11828 | Bailey   | Entered a bailey
 12061 | Bailey   | Reached skill level 16 in Axes
 12193 | Bailey   | Reached XP level 12. HP: 36/112 MP: 12/12
 13074 | Bailey   | Found a roughly hewn altar of Beogh.
 13261 | D:11     | Received a gift from Trog
 13514 | D:11     | the staircase to the Orcish Mines was a mimic.
 13519 | D:11     | Noticed a hill giant
 13526 | D:11     | Killed a hill giant
 14232 | D:12     | Received a gift from Trog
 14239 | D:12     | Got a pitted executioner's axe {god gift}
 14242 | D:12     | Reached skill level 17 in Axes
 14246 | D:12     | Gained mutation: You can breathe flames. [mutagenic meat]
 14247 | D:12     | Gained mutation: You can spit moderately strong poison. [mutagenic meat]
 14248 | D:12     | Gained mutation: You have a slow metabolism. [potion of mutation]
 14248 | D:12     | Gained mutation: Your vision is a little blurry. [potion of mutation]
 14248 | D:12     | Gained mutation: You are weak. (Str -2) [potion of mutation]
 14265 | D:12     | Found a staircase to the Orcish Mines.
 14307 | D:12     | Found Tocraniv's Antique Weapon Shop.
 14539 | D:12     | Identified the +2,+10 executioner's axe of the Four Wonders {drain, rPois rF+ SInv} (Trog gifted it to you on level 12 of the Dungeon)
 14695 | D:13     | Noticed a seven-headed hydra
 14701 | D:13     | Killed a 11-headed hydra
 14704 | D:13     | Mangled by a cyclops

Action                   |  1- 3 |  4- 6 |  7- 9 | 10-12 || total
-------------------------+-------+-------+-------+-------++-------
Melee: Hand axe          |   160 |   311 |   604 |   106 ||  1181
       Battleaxe         |       |       |       |   394 ||   394
       Executioner's axe |       |       |       |   191 ||   191
Invok: Berserk           |     2 |     2 |     4 |     5 ||    13
       Trog's Hand       |       |     1 |     5 |     6 ||    12
Evoke: Wand              |       |       |     2 |    22 ||    24
  Use: Potion            |     3 |     1 |    11 |    11 ||    26
       Scroll            |       |     8 |     5 |    10 ||    23
